Map: Tropic Shores

Players

DawgDiesel

  • Race: Zerg Zerg
  • Spawn Location: 5:00

jman

  • Race: Terran Terran
  • Spawn Location: 5:00

Jsquared

  • Race: Zerg Zerg
  • Spawn Location: 6:00

Silver

  • Race: Zerg Zerg
  • Spawn Location: 6:00

pablin - Winner!

  • Race: Zerg Zerg
  • League: Silver
  • Spawn Location: 11:00

Infamous - Winner!

  • Race: Protoss Protoss
  • League: Bronze
  • Spawn Location: 0:00

litonam - Winner!

  • Race: Terran Terran
  • Spawn Location: 12:00

Tron - Winner!

  • Race: Terran Terran
  • Spawn Location: 12:00

VOD

Have the link to the VOD?

Description

Time

  • Played on: March 8, 2018, 3:21 p.m.
  • Length: 19:23
Show
View Real Time Build Order
Export as new Build Order

DawgDiesel Zerg 

Build Orders: Hatch First 

Get SALT Encoding   

  12  0:01  Drone  
  13  0:09  Drone  
  14  0:18  Overlord  
  14  0:38  Drone x3  
  17  0:49  Drone  
  18  1:00  Hatchery  
  18  1:01  Drone  
  18  1:12  Drone  
  19  1:21  Spawning Pool  
  19  1:23  Drone  
  19  1:25  Extractor  
  18  1:35  Overlord  
  18  1:46  Drone  
  19  1:58  Drone  
  20  2:01  Extractor  
  19  2:09  Queen  
  19  2:12  Queen  
  19  2:14  Drone  
  24  2:16  Drone  
  24  2:17  Drone  
  26  2:30  Drone  
  26  2:33  Drone  
  26  2:34  Drone  
  30  2:44  Zergling x2  
  30  2:48  Lair  
  30  2:50  Metabolic Boost  
  30  2:58  Zergling x2  
  31  3:02  Drone x2  
  31  3:05  Overlord  
  33  3:16  Drone  
  34  3:27  Drone  
  34  3:28  Drone x4  
  34  3:32  Drone x4  
  43  3:35  Extractor  
  43  3:38  Extractor  
  41  3:51  Drone  
  41  3:52  Spire  
  41  3:59  Drone x2, Roach Warren  
  42  4:03  Drone x2  
  42  4:06  Overlord  
  42  4:07  Overlord  
  44  4:10  Pneumatized Carapace  
  44  4:17  Overlord  
  44  4:31  Drone x2  
  45  4:34  Drone  
  45  4:35  Drone x2  
  49  4:40  Glial Reconstitution  
  49  4:44  Roach x5  
  59  4:48  Burrow  
  59  4:50  Drone  
  60  4:55  Overlord x2  
  60  5:11  Zerg Flyer Weapons Level 1  
  60  5:17  Mutalisk x3  
  60  5:20  Mutalisk  
  68  5:47  Mutalisk  
  68  5:48  Mutalisk x2  
  74  6:15  Hatchery  
  74  6:16  Tunneling Claws  
  74  6:17  Hatchery  
  72  6:22  Roach x6  
  72  6:24  Overlord  
  72  6:25  Overlord  
  84  6:32  Hatchery  
  83  6:42  Queen  
  85  7:18  Queen  
  71  8:14  Overseer x3  
  71  8:18  Roach  
  71  8:19  Roach x19  
  113  8:20  Roach  
  109  8:50  Drone  
  109  8:51  Drone x2  
  112  9:09  Queen  
  112  9:11  Queen  
  112  9:12  Queen  
  118  9:18  Overlord x2  
  118  9:19  Overlord x4  
  118  9:36  Drone x2  
  118  9:37  Drone  
  121  9:40  Queen  
  123  10:05  Evolution Chamber  
  123  10:06  Evolution Chamber  
  121  10:07  Evolution Chamber  
  121  10:12  Infestation Pit  
  119  10:20  Roach x20  
  159  10:33  Zerg Melee Weapons Level 1  
  159  10:34  Zerg Missile Weapons Level 1  
  159  10:35  Zerg Ground Armor Level 1  
  159  10:44  Extractor  
  159  10:46  Drone  
  159  10:47  Extractor  
  159  10:48  Drone x2  
  154  11:26  Roach x17  
  98  11:45  Roach x11  
  78  12:17  Hive  
  78  12:21  Roach x9  
  78  12:22  Roach x12  
  98  12:35  Zerg Melee Weapons Level 2  
  98  12:36  Zerg Ground Armor Level 2, Zerg Missile Weapons Level 2  
  98  12:45  Roach x8  
  114  12:59  Drone  
  114  13:00  Drone x4  
  115  13:18  Roach  
  115  13:19  Roach x11  
  132  13:24  Overseer x4  
  132  13:25  Overseer  
  129  13:53  Roach  
  129  13:54  Roach x11  
  153  14:15  Overlord x2  
  153  14:16  Overlord x2  
  153  14:17  Overlord  
  153  14:30  Spore Crawler  
  152  14:33  Spore Crawler  
Show
View Real Time Build Order
Export as new Build Order

jman Terran 

Build Orders: Reaper Expand 

Get SALT Encoding   

  12  0:09  Refinery  
  12  0:50  Supply Depot  
  12  1:23  Command Center  
  12  1:35  SCV  
  12  1:38  Barracks  
  14  1:47  SCV  
  15  2:34  Barracks Tech Lab  
  14  2:42  Barracks Reactor  
  14  2:53  SCV  
  15  3:05  SCV  
  16  3:18  SCV  
  17  3:21  Factory  
  17  3:25  Reaper x2  
  19  3:30  SCV  
  20  3:34  Refinery  
  20  3:42  SCV  
  21  3:57  Reaper x2  
  23  4:15  Factory Tech Lab  
  23  4:22  Starport  
  19  5:39  Reaper  
  19  5:40  Reaper  
  21  5:51  Refinery  
  21  5:57  Starport Tech Lab  
  21  6:03  SCV  
  22  6:06  Orbital Command  
  22  6:11  Reaper  
  22  6:12  Reaper  
  22  6:15  SCV  
  25  6:18  Viking  
  27  6:27  SCV  
  28  6:36  Refinery  
  28  6:39  SCV  
  29  6:43  Reaper  
  29  6:44  Reaper  
  31  6:48  Viking  
  31  6:49  Supply Depot  
  31  6:51  SCV  
  34  7:16  Reaper x2  
  34  7:18  Viking  
  34  7:42  Starport  
  34  7:48  Reaper x2, Viking  
  38  8:18  Viking  
  40  8:20  Reaper x2  
  36  8:48  Viking  
  36  8:52  Reaper x2  
  40  9:01  Starport Reactor  
  40  9:09  Siege Tank  
  43  9:18  Viking  
  45  9:41  Siege Tank  
  48  9:48  Viking  
  42  9:59  Viking  
  44  10:00  Viking  
  44  10:04  SCV  
  47  10:16  SCV  
  47  10:18  Viking  
  50  10:29  Viking  
  50  10:30  Viking  
  54  10:58  Viking  
  52  11:20  Viking  
  54  11:31  Supply Depot  
  54  11:34  Viking x2  
  58  11:50  Viking  
  60  12:04  Viking x2  
  64  12:19  Viking  
  66  12:34  Viking x2  
  70  12:51  Viking  
  70  12:52  SCV  
  73  13:04  SCV, Viking x2  
  78  13:42  SCV  
  77  13:54  SCV  
  78  14:17  Viking  
  78  14:19  Viking  
  78  14:20  Viking  
  42  14:47  Banshee  
  42  14:49  SCV, Viking  
  42  14:50  Viking  
  50  15:02  SCV  
  51  15:14  SCV  
  47  15:26  SCV  
Show
View Real Time Build Order
Export as new Build Order

Jsquared Zerg 

Build Orders: 3 Hatch before Pool 

Get SALT Encoding   

  12  0:03  Drone  
  13  0:09  Drone  
  14  0:20  Overlord  
  14  0:26  Overlord  
  14  0:36  Overlord  
  14  0:44  Drone  
  15  1:06  Hatchery  
  14  1:14  Drone x3  
  17  1:24  Extractor  
  16  1:26  Extractor  
  16  1:29  Drone  
  16  1:58  Drone x3  
  16  2:00  Hatchery  
  18  2:13  Drone  
  19  2:26  Drone  
  20  2:33  Drone x2  
  20  2:35  Drone  
  23  2:48  Spawning Pool  
  22  2:52  Drone x2  
  22  2:54  Drone x2  
  26  3:09  Drone  
  27  3:16  Drone  
  27  3:18  Drone x2  
  30  3:35  Evolution Chamber  
  30  3:36  Drone x2  
  31  3:42  Drone  
  31  3:43  Drone x2  
  31  3:47  Extractor  
  33  3:51  Extractor  
  33  3:53  Drone x3  
  36  3:55  Drone  
  36  4:35  Drone x3  
  39  4:39  Drone x2  
  39  4:41  Overlord  
  39  4:43  Overlord  
  39  4:44  Overlord x2  
  41  5:03  Overlord x2  
  41  5:26  Zergling x4  
  43  5:30  Zergling x6  
  43  5:32  Zergling x6  
  43  5:35  Metabolic Boost  
  49  6:08  Hatchery  
  48  6:28  Drone x2  
  48  6:30  Drone  
  48  6:31  Drone x3  
  54  6:49  Spine Crawler  
  54  6:51  Spine Crawler  
  54  6:53  Drone x3  
  55  6:58  Spine Crawler  
  46  7:16  Spore Crawler  
  45  7:23  Spore Crawler  
  44  7:30  Spore Crawler  
  43  7:38  Zergling x2  
  43  7:39  Zergling x4  
  46  7:49  Lair  
  22  8:29  Drone x2  
  22  8:30  Drone  
  22  8:32  Drone x3  
  28  8:51  Pneumatized Carapace  
  28  8:57  Zerg Ground Armor Level 1  
  28  8:59  Drone x2  
  28  9:01  Drone x2  
  32  9:13  Hydralisk Den  
  31  9:19  Spire  
  30  9:26  Drone x3, Infestation Pit  
  32  9:32  Drone  
  32  9:33  Drone x2  
  32  9:36  Drone x3  
  38  9:41  Drone x3  
  41  9:47  Spine Crawler  
  41  9:52  Spine Crawler  
  39  10:02  Spore Crawler  
  39  10:05  Hive  
  39  10:06  Lair  
  38  10:10  Lair  
  38  10:13  Drone x3  
  41  10:27  Spore Crawler  
  40  10:30  Drone x2  
  40  10:31  Drone  
  40  10:32  Drone  
  40  10:35  Drone x2  
  46  10:51  Zerg Melee Weapons Level 1  
  40  11:27  Ultralisk Cavern  
  39  11:44  Overlord  
  39  11:45  Overlord x2  
  39  11:47  Overlord  
  39  11:48  Overlord x2  
  39  12:24  Ultralisk x3  
  39  12:26  Ultralisk x3  
  75  12:33  Ultralisk x2  
  75  12:34  Ultralisk  
  93  12:42  Hatchery  
  92  12:45  Zerg Missile Weapons Level 1  
  92  12:59  Chitinous Plating  
  38  14:29  Mutalisk x3  
  44  14:32  Mutalisk x3  
  44  14:35  Mutalisk x3  
  56  14:39  Mutalisk x3  
  62  14:52  Zerg Flyer Weapons Level 1  
  60  15:50  Hydralisk x3  
  60  15:52  Hydralisk x2  
  60  15:53  Hydralisk  
  60  15:55  Hydralisk x2  
  60  15:56  Hydralisk  
  74  15:59  Hydralisk x2  
  74  16:00  Hydralisk  
  53  16:26  Zergling x6  
  53  16:28  Zergling x4  
  53  16:31  Zergling x4  
  45  16:44  Zergling x2  
  45  16:46  Zergling x4  
  48  16:56  Zergling x4  
  48  16:57  Zergling x2  
  48  17:00  Zergling x4  
  53  17:01  Zergling x2  
  53  17:02  Zergling x2  
Show
View Real Time Build Order
Export as new Build Order

Silver Zerg 

Build Orders: Pool First, Muta Ling Bane 

Get SALT Encoding   

  12  0:16  Drone  
  12  0:17  Drone  
  14  0:21  Overlord  
  14  0:31  Extractor  
  14  0:34  Overlord  
  13  0:43  Extractor  
  13  0:49  Drone  
  13  0:59  Spawning Pool  
  12  1:10  Drone x2  
  14  1:21  Overlord  
  14  1:24  Overlord  
  14  1:46  Lair  
  14  1:55  Baneling Nest  
  14  1:57  Zergling x2  
  14  2:01  Zergling x2  
  15  2:06  Zergling x2  
  16  2:12  Drone  
  17  2:29  Zergling x2  
  18  2:39  Baneling x2  
  18  2:40  Baneling x4  
  18  2:56  Drone x2  
  18  2:57  Drone  
  21  3:09  Zergling x2  
  22  3:39  Hatchery  
  21  3:44  Drone  
  21  3:48  Drone  
  23  3:53  Drone  
  24  4:16  Spire  
  18  4:56  Zergling x2  
  18  4:57  Zergling x4  
  21  5:16  Drone x3  
  24  5:26  Zergling x4  
  26  5:30  Mutalisk  
  28  5:35  Mutalisk  
  27  5:59  Mutalisk x2  
  27  6:03  Mutalisk x2  
  33  6:04  Mutalisk  
  37  6:13  Baneling x2  
  37  6:14  Baneling x2  
  37  6:16  Centrifical Hooks  
  37  6:34  Extractor  
  36  6:47  Extractor  
  35  7:07  Mutalisk  
  35  7:08  Mutalisk x2  
  8  7:45  Overlord  
  8  8:02  Overseer  
  8  8:15  Overseer  
  8  8:52  Drone x3  
Show
View Real Time Build Order
Export as new Build Order

pablin Zerg - Winner!

Build Orders: Hatch First 

Get SALT Encoding   

  12  0:01  Drone  
  13  0:12  Drone  
  14  0:18  Overlord  
  14  0:37  Drone x2  
  14  0:38  Drone  
  17  1:01  Hatchery  
  16  1:04  Drone  
  16  1:05  Drone  
  16  1:09  Extractor  
  16  1:11  Drone  
  18  1:29  Drone  
  19  1:38  Drone, Spawning Pool  
  19  1:44  Extractor  
  19  1:46  Drone  
  19  1:56  Drone  
  20  2:06  Drone  
  21  2:15  Drone  
  22  2:27  Drone  
  22  2:28  Queen  
  25  2:47  Drone x3  
  25  2:48  Hatchery  
  27  2:57  Drone  
  28  3:00  Overlord x2  
  28  3:10  Overlord  
  28  3:13  Overlord  
  28  3:17  Queen  
  30  3:22  Lair  
  30  3:28  Drone x2  
  30  3:31  Drone x2  
  34  3:52  Drone x2  
  36  3:59  Drone x3  
  36  4:00  Drone x2  
  36  4:02  Queen  
  43  4:03  Drone  
  44  4:22  Extractor  
  43  4:24  Extractor  
  43  4:27  Extractor  
  41  4:32  Extractor  
  41  4:35  Hydralisk Den  
  41  4:36  Drone  
  41  4:37  Drone  
  41  4:52  Drone x2  
  43  4:53  Drone x4  
  45  5:10  Hydralisk x3  
  45  5:12  Hydralisk  
  45  5:13  Hydralisk x5  
  57  5:40  Drone x3  
  60  5:43  Queen  
  60  5:45  Drone x2  
  60  5:48  Drone x2  
  66  6:06  Overlord x2  
  66  6:08  Overlord x2  
  66  6:11  Overlord  
  66  6:12  Overlord x3  
  66  6:54  Grooved Spines  
  66  7:03  Evolution Chamber  
  51  7:47  Drone x2  
  51  7:48  Drone x4  
  51  7:51  Drone x5  
  59  7:52  Drone  
  63  8:05  Muscular Augments  
  63  8:07  Hydralisk  
  63  8:08  Hydralisk x7  
  63  8:09  Hydralisk  
  81  8:51  Drone  
  81  8:52  Hydralisk x4  
  81  8:53  Hydralisk x4  
  98  9:15  Hatchery  
  97  9:20  Hydralisk x2  
  97  9:21  Hydralisk x4  
  109  9:34  Spore Crawler  
  109  9:37  Spore Crawler  
  107  9:42  Spore Crawler  
  107  9:43  Spore Crawler  
  105  9:45  Spore Crawler  
  104  10:01  Hydralisk x5  
  104  10:02  Hydralisk x4  
  122  10:10  Evolution Chamber, Zerg Ground Armor Level 1  
  122  10:13  Metabolic Boost  
  121  10:23  Hydralisk x3  
  127  10:37  Queen  
  127  10:39  Drone x2  
  131  11:13  Burrow  
  96  11:46  Queen  
  86  11:52  Hydralisk x7  
  86  11:53  Hydralisk x4  
  86  11:54  Hydralisk x6  
  96  11:55  Hydralisk  
  96  11:58  Overseer x2  
  96  12:00  Pneumatized Carapace  
  95  12:30  Drone  
  95  12:31  Drone x2, Queen  
  100  12:43  Drone  
  101  12:45  Drone x5  
  101  12:46  Drone  
  101  12:49  Drone x3  
  110  13:17  Hydralisk x5  
  110  13:18  Hydralisk x6  
  132  13:29  Zerg Ground Armor Level 2, Zerg Missile Weapons Level 1  
  114  15:05  Hydralisk x2  
  114  15:06  Hydralisk x9  
  114  15:07  Hydralisk x2  
  126  15:12  Spore Crawler  
  133  15:14  Spore Crawler  
  73  15:55  Hydralisk x2  
  73  15:56  Hydralisk x7  
  73  15:57  Hydralisk  
  62  16:32  Zerg Missile Weapons Level 2  
  58  16:38  Hydralisk x4  
  58  16:39  Hydralisk x5  
  76  17:06  Hatchery  
  72  17:39  Hatchery  
  72  17:43  Hydralisk x3  
  72  17:44  Hydralisk x8  
  73  17:45  Hydralisk x3  
  73  17:49  Hatchery  
Show
View Real Time Build Order
Export as new Build Order

Infamous Protoss - Winner!

Build Orders: Dark Templar Rush 

Get SALT Encoding   

  12  0:03  Probe  
  13  0:15  Probe (Chrono Boost)  
  15  0:29  Probe (Chrono Boost)  
  15  0:32  Pylon  
  15  0:40  Assimilator  
  15  0:50  Probe, Gateway  
  16  1:02  Probe  
  17  1:10  Pylon  
  17  1:14  Pylon, Probe  
  17  1:18  Assimilator  
  18  1:38  Cybernetics Core  
  18  1:41  Probe (Chrono Boost)  
  19  1:52  Probe (Chrono Boost)  
  20  2:04  Forge  
  20  2:10  Warp Gate (Chrono Boost)  
  20  2:15  Gateway  
  20  2:20  Gateway  
  20  2:24  Probe  
  21  2:36  Probe  
  22  2:42  Protoss Ground Weapons Level 1  
  22  2:46  Shield Battery  
  22  2:56  Twilight Council  
  23  3:05  Probe  
  23  3:08  Pylon  
  23  3:22  Photon Cannon  
  23  3:32  Stargate  
  23  3:40  Dark Shrine, Probe  
  24  4:25  Probe  
  25  4:38  Robotics Facility  
  25  4:40  Protoss Ground Armor Level 1 (Chrono Boost)  
  25  5:07  Nexus  
  25  5:09  Pylon  
  25  5:10  Probe  
  25  5:13  Pylon  
  26  5:17  Stalker  
  26  5:18  Stalker x2  
  32  5:25  Warp Prism (Chrono Boost)  
  34  5:54  Gateway  
  34  6:14  Probe  
  34  6:15  Gateway  
  34  6:16  Gateway  
  34  6:18  Gateway  
  35  6:20  Pylon  
  35  6:23  Probe  
  36  6:26  Probe  
  37  6:35  Probe, Shield Battery  
  38  6:50  Photon Cannon  
  35  7:14  Dark Templar x3  
  41  7:55  Dark Templar  
  41  7:56  Dark Templar x2  
  37  8:42  Stalker x3  
  39  9:04  Probe  
  39  9:06  Protoss Ground Armor Level 2 (Chrono Boost)  
  40  9:17  Sentry x3  
  46  9:25  Nexus  
  46  9:29  Pylon  
  46  9:36  Pylon  
  44  10:13  Gateway  
  44  10:14  Gateway  
  44  10:15  Photon Cannon  
  44  10:16  Photon Cannon  
  44  10:18  Photon Cannon  
  44  10:19  Gateway  
  44  10:21  Gateway  
  44  10:30  Assimilator  
  44  11:22  Probe  
  45  11:30  Shield Battery  
  45  11:32  Shield Battery  
  45  11:34  Probe  
  46  11:43  Warp Prism (Chrono Boost)  
  48  11:57  Sentry x4  
  56  12:06  Probe (Chrono Boost)  
  57  12:12  Warp Prism (Chrono Boost)  
  59  12:18  Probe (Chrono Boost), Protoss Ground Armor Level 3 (Chrono Boost)  
  59  12:20  Probe (Chrono Boost)  
  61  12:22  Probe (Chrono Boost)  
  61  12:28  Probe  
  63  12:32  Probe  
  63  12:34  Oracle  
  67  12:45  Dark Templar x2  
  71  12:56  Assimilator  
  71  13:11  Dark Templar x2  
  71  13:12  Dark Templar  
  77  13:30  Probe (Chrono Boost)  
  78  13:44  Shadow Stride  
  78  13:54  Warp Prism  
  78  13:56  Probe  
  44  14:09  Dark Templar x3  
  40  14:10  Dark Templar  
  41  14:54  Robotics Bay  
  41  16:07  Dark Templar x3  
  47  16:59  Nexus  
Show
View Real Time Build Order
Export as new Build Order

litonam Terran - Winner!

Build Orders:  

Get SALT Encoding   

  12  0:39  SCV  
  13  0:46  Refinery  
  13  0:48  Refinery  
  13  0:50  Supply Depot  
  13  0:51  SCV  
  14  1:02  Supply Depot  
  14  1:04  SCV  
  15  1:16  SCV  
  16  1:20  Engineering Bay  
  16  1:28  SCV  
  17  1:40  SCV  
  17  1:44  Barracks  
  18  1:52  SCV  
  19  2:08  SCV  
  20  2:20  SCV  
  21  2:32  Barracks, SCV  
  22  2:45  SCV  
  23  2:53  Barracks Tech Lab  
  23  2:57  SCV  
  24  3:05  Command Center  
  24  3:09  SCV  
  25  3:21  SCV  
  25  3:25  Barracks Reactor  
  26  3:28  Marauder  
  26  3:33  SCV  
  29  3:34  Factory  
  29  3:45  SCV  
  30  3:57  SCV  
  31  4:14  Supply Depot  
  31  4:17  SCV, Marauder  
  34  4:18  Marine  
  34  4:19  Supply Depot, Marine  
  34  4:21  Factory Tech Lab  
  36  4:27  Barracks  
  36  4:31  Hi-Sec Auto Tracking  
  36  4:36  Marine  
  36  4:38  Supply Depot, Marauder  
  39  4:48  Siege Tank  
  42  4:52  Marine  
  42  4:54  Marine  
  46  5:00  Marauder  
  46  5:03  Planetary Fortress  
  46  5:08  Missile Turret  
  46  5:10  Marine  
  47  5:15  Marine  
  47  5:20  Barracks Reactor  
  48  5:28  Marine  
  48  5:30  Orbital Command  
  48  5:33  Marine  
  50  5:40  SCV  
  51  5:46  Marine  
  51  5:48  Supply Depot  
  52  5:52  SCV  
  53  6:04  SCV  
  53  6:05  Marine x2  
  53  6:06  Marine  
  53  6:10  Supply Depot  
  57  6:16  SCV  
  58  6:23  Marine x2  
  60  6:27  Marine x3  
  60  6:29  SCV  
  64  6:34  Terran Infantry Weapons Level 1  
  64  6:35  Supply Depot  
  64  6:39  Supply Depot  
  64  6:41  Marine, SCV  
  64  6:43  SCV  
  67  6:53  SCV  
  68  6:56  Siege Tank, SCV  
  72  7:02  Supply Depot  
  72  7:05  SCV  
  72  7:06  Starport  
  73  7:08  Marine x2  
  73  7:09  Marine  
  73  7:12  Marine  
  77  7:18  Missile Turret  
  77  7:25  Supply Depot  
  71  7:46  Stimpack  
  71  7:52  Supply Depot  
  72  8:05  SCV  
  72  8:09  Refinery  
  72  8:10  Refinery  
  72  8:16  Supply Depot  
  72  8:17  SCV  
  72  8:18  Starport Reactor  
  73  8:24  Armory  
  73  8:29  SCV  
  74  8:37  Siege Tank  
  74  8:39  Engineering Bay  
  77  8:42  SCV  
  77  8:44  Marine x5  
  83  8:54  SCV  
  84  8:56  Terran Infantry Armor Level 1  
  84  9:06  SCV  
  84  9:09  Siege Tank  
  88  9:13  Armory  
  88  9:17  Smart Servos  
  88  9:18  SCV  
  88  9:22  Marauder  
  88  9:24  Marine  
  91  9:30  SCV  
  93  9:34  Terran Infantry Weapons Level 2  
  93  9:41  Siege Tank  
  93  9:42  SCV  
  93  9:44  Marauder  
  99  9:47  Combat Shields  
  99  9:54  SCV  
  100  10:06  SCV x2  
  102  10:14  Terran Vehicle Weapons Level 1  
  102  10:18  SCV x2  
  104  10:30  SCV  
  105  10:36  Drilling Claws  
  105  10:43  SCV  
  106  11:03  Medivac x2  
  110  11:06  Concussive Shells  
  110  11:32  Marine x5  
  114  11:33  Medivac x2  
  119  11:44  SCV  
  120  11:49  Supply Depot, Marine x2, Neosteel Frame  
  120  11:50  Marine x2  
  120  11:51  Marauder  
  126  11:54  Terran Infantry Weapons Level 3  
  126  11:56  SCV  
  126  11:58  Supply Depot  
  127  12:03  Medivac x2  
  127  12:07  Marine x2  
  127  12:08  SCV, Terran Vehicle And Ship Armor Level 1  
  133  12:12  Marauder  
  133  12:13  Marine  
  137  12:33  Medivac x2, Marauder  
  143  12:39  Missile Turret  
  143  12:40  SCV  
  143  12:44  Missile Turret  
  144  12:51  Terran Vehicle Weapons Level 2  
  144  12:52  SCV  
  144  12:55  Marauder  
  147  13:02  Medivac  
  147  13:03  Marine x4  
  153  13:08  Building Armor  
  153  13:16  Marauder  
  155  13:20  Marine  
  155  13:21  Marine x3  
  155  13:23  Medivac  
  155  13:25  Siege Tank  
  164  13:32  Medivac  
  166  13:38  Marine, Marauder  
  166  13:39  Marine x3  
  172  13:56  Marine x2  
  172  13:57  Marine, Siege Tank  
  172  13:59  Marauder  
  172  14:02  Terran Ship Weapons Level 1  
  180  14:14  Marine x2  
  182  14:20  Marauder  
  184  14:48  Terran Infantry Armor Level 2  
  152  17:22  Orbital Command  
Show
View Real Time Build Order
Export as new Build Order

Tron Terran - Winner!

Build Orders:  

Get SALT Encoding   

  12  0:05  SCV  
  13  0:19  Supply Depot, SCV  
  14  0:34  SCV  
  15  0:43  Supply Depot  
  15  0:51  SCV  
  16  1:01  Barracks  
  16  1:03  SCV  
  17  1:06  Supply Depot  
  17  1:15  SCV  
  18  1:30  Supply Depot  
  18  1:37  SCV  
  19  1:49  Marine, SCV  
  19  1:52  Supply Depot  
  21  2:01  SCV  
  22  2:07  Marine  
  23  2:13  SCV  
  24  2:16  Supply Depot  
  24  2:17  Refinery  
  24  2:21  Refinery  
  24  2:25  Marine, SCV  
  26  2:37  SCV  
  26  2:39  Barracks  
  26  2:43  Marine  
  28  2:49  SCV  
  29  3:03  Command Center  
  29  3:08  Marine  
  30  3:20  SCV  
  30  3:26  Marine  
  32  3:43  Engineering Bay  
  32  3:44  Marine  
  33  3:50  Marine  
  34  3:58  Orbital Command  
  34  4:05  Marine  
  34  4:07  Marine  
  36  4:18  Sensor Tower  
  36  4:23  Marine  
  37  4:37  Missile Turret  
  37  4:41  Marine  
  38  4:59  Marine  
  39  5:02  Supply Depot  
  39  5:03  SCV  
  40  5:15  SCV  
  40  5:17  Marine  
  42  5:28  SCV  
  43  5:32  Factory, SCV  
  43  5:34  Marine  
  45  5:40  SCV  
  45  5:41  Missile Turret  
  46  5:46  Supply Depot  
  46  6:01  Missile Turret  
  46  6:06  Refinery  
  46  6:09  SCV  
  46  6:10  Refinery  
  47  6:12  Supply Depot  
  47  6:17  Factory  
  47  6:21  SCV  
  48  6:33  SCV  
  48  6:35  Missile Turret  
  48  6:36  Factory Tech Lab  
  49  6:46  Bunker  
  49  6:52  Planetary Fortress  
  44  7:25  Marine  
  44  7:27  Marine  
  44  7:36  Siege Tank  
  47  7:37  Factory Tech Lab  
  47  7:40  Missile Turret  
  47  7:43  Marine  
  48  7:45  Marine  
  49  7:56  SCV  
  50  7:59  Missile Turret  
  50  8:01  Marine  
  50  8:03  Marine  
  52  8:08  Siege Tank, SCV  
  52  8:10  Siege Tank  
  59  8:19  Marine  
  60  8:26  Armory  
  60  8:33  SCV  
  61  8:45  SCV  
  62  8:57  SCV  
  62  8:58  Missile Turret  
  63  9:09  SCV  
  64  9:18  Missile Turret  
  64  9:28  Ghost Academy  
  64  9:33  Thor  
  64  9:35  Thor  
  76  9:43  Supply Depot  
  76  9:49  Supply Depot  
  76  9:52  SCV  
  77  9:59  Starport  
  77  10:01  Missile Turret  
  77  10:04  SCV  
  77  10:05  Hi-Sec Auto Tracking  
  77  10:06  Supply Depot  
  78  10:12  Supply Depot  
  78  10:16  SCV, Thor  
  78  10:18  Thor  
  78  10:21  Command Center  
  91  10:36  Starport  
  91  10:38  Terran Vehicle And Ship Armor Level 1  
  91  10:39  Starport Tech Lab  
  90  10:59  Thor  
  90  11:00  Thor  
  86  11:13  Supply Depot  
  86  11:14  Supply Depot  
  85  11:19  Missile Turret  
  85  11:34  Starport Tech Lab  
  85  11:39  Missile Turret, Banshee  
  88  11:48  Supply Depot  
  88  11:50  Supply Depot  
  88  11:53  Supply Depot  
  88  11:58  SCV  
  89  12:05  Missile Turret  
  89  12:06  Thor  
  89  12:10  SCV  
  89  12:11  Supply Depot  
  89  12:13  Supply Depot  
  90  12:16  Supply Depot  
  90  12:18  Raven  
  90  12:22  Banshee  
  95  12:24  Missile Turret  
  95  12:27  Thor  
  107  13:04  SCV  
  107  13:05  Banshee  
  111  13:14  Thor  
  111  13:16  SCV, Cloaking Field  
  112  13:21  Supply Depot  
  112  13:28  SCV  
  113  13:40  SCV  
  114  13:48  Banshee  
  117  13:54  Command Center  
  117  14:02  Neosteel Frame  
  117  14:04  Thor  
  123  14:12  SCV  
  124  14:24  SCV  
  125  14:48  Barracks Tech Lab  
  125  14:50  Marine  
  125  15:08  Marine  
  119  15:21  Terran Infantry Weapons Level 1  
  119  15:25  Marine  
  120  15:40  Thor x2  
  132  16:03  SCV  
  133  16:06  SCV  
  134  16:15  SCV  
  134  16:18  SCV  
  133  16:27  SCV  
  133  16:30  SCV  
  129  16:39  SCV  
  130  16:42  SCV  
  131  16:54  Marine x2  
  133  17:11  Marine  
  133  17:12  Marine  
  135  17:29  Marine  
Tags
 
Add a new tag
Caveats
  • Supply blocks, unpowered buildings, or Contaminate may cause inaccurate times.
  • Supply counts are checked every 10 seconds.